 Dungeon Crawl Stone Soup version 0.31-a0-825-gf28bc0971e (webtiles) character file.

Game seed: 6648293826791326986

73 qw the Shooter (level 4, -4/28 HPs)
             Began as a Gargoyle Hunter on Sept 23, 2023.
             Slain by an ogre
             ... wielding a +0 giant spiked club
              (19 damage)
             ... on level 4 of the Dungeon.
             The game lasted 00:00:46 (2225 turns).

qw the Shooter (Gargoyle Hunter)                    Turns: 2225, Time: 00:00:46

Health: -4/28      AC: 11    Str: 14    XL:     4   Next: 27%
Magic:  4/4        EV: 20    Int: 10    God:
Gold:   95         SH:  0    Dex: 15    Spells: 3/3 levels left

rFire   . . .        Y - +0 shortbow
rCold   . . .        (shield currently unavailable)
rNeg    + . .        k - +0 ring mail
rPois   inf          h - +2 helmet
rElec   +            (no cloak)
rCorr   .            (no gloves)
SInv    .            (no boots)
Will    .....        (no amulet)
Stlth   +            i - +5 ring of evasion
HPRegen 0.24/turn    j - +5 ring of evasion
MPRegen 0.09/turn

%: no passive effects
@: no status effects
A: sickness immunity, AC +3, negative energy resistance 1, electricity
resistance, torment resistance 1, petrification resistance
a: no special abilities


You were on level 4 of the Dungeon.
You visited 1 branch of the dungeon, and saw 4 of its levels.

You collected 95 gold pieces.


Innate Abilities, Weirdness & Mutations

You are immune to sickness and miasma.
Your stone body is resilient. (AC +3)
You are immune to poison.
You resist negative energy. (rN+)
You are resistant to electric shocks. (rElec)
You are resistant to unholy torment.
You are immune to petrification.


   Skills:
 - Level 3.0 Fighting
 + Level 5.1 Ranged Weapons
 - Level 1.1 Armour
 - Level 1.5 Dodging
 - Level 1.1 Stealth


You had 3 spell levels left.
You didn't know any spells.
Your spell library was empty.

Inventory:

Hand Weapons
 Y - a +0 shortbow (weapon)
Armour
 h - a +2 helmet (worn)
 k - a +0 ring mail (worn)
Jewellery
 i - a +5 ring of evasion (left hand)
 j - a +5 ring of evasion (right hand)
Scrolls
 a - a scroll of identify
Potions
 c - a potion of might {unknown}
 d - a potion of enlightenment {unknown}
 f - a potion of degeneration {unknown}
 g - a potion of berserk rage {unknown}
 l - a potion of curing
 m - a potion of heal wounds {unknown}

Dungeon Overview and Level Annotations

Branches:
Dungeon (4/15)
 Temple: D:4-7

Altars:
Nemelex Xobeh
Uskayaw


Message History

You now have 95 gold pieces (gained 11).
Partly explored, can't reach some places.
Partly explored, can't reach some places.
2181 ||| READING scroll labelled DECAHUNOSY.
As you read the scroll labelled DECAHUNOSY, it crumbles to dust.
You feel aware of your surroundings.
It was a scroll of revelation.
Partly explored, can't reach some places.
2182 ||| READING 2 scrolls of identify.
As you read the scroll of identify, it crumbles to dust.
b - a potion of ambrosia;
2182 ||| IDENTIFYING orange potion Partly explored, can't reach some places.
2183 ||| DROPPING potion of ambrosia.
You drop a potion of ambrosia.
Partly explored, can't reach some places.
What level of the Dungeon? (default 3, ? - help)
There is a stone staircase leading down here.
You climb downwards.
There is a stone staircase leading up here.
Waypoint 3 assigned to D:4.
An ogre comes into view. It is wielding a +0 giant spiked club.
The ogre shouts!
You shoot an arrow. The arrow hits the ogre.
The ogre is lightly wounded.
You shoot an arrow. The arrow barely misses the ogre.
You shoot an arrow.
The arrow hits the ogre but does no damage.
The ogre is lightly wounded.
You shoot an arrow. The arrow barely misses the ogre.
The ogre barely misses you.
You shoot an arrow.
The arrow hits the ogre but does no damage.
The ogre is lightly wounded.
You shoot an arrow. The arrow hits the ogre.
The ogre is lightly wounded.
The ogre hits you with a +0 giant spiked club!
Ouch! That really hurt!
You shoot an arrow. The arrow hits the ogre.
The ogre is moderately wounded.
The ogre hits you with a +0 giant spiked club!!
Ouch! That really hurt!
You die...

### #<# #.#
#.# #.# #@#
#...O.....#
#.........#
#.........#
#.........#
#...$.....#
..........#
.#.........#


You could see an ogre.

Vanquished Creatures
  An adder (D:3)
  2 worms (D:2)
  A dart slug (D:1)
  7 ball pythons
  2 endoplasms
  4 giant cockroaches (D:1)
  10 goblins
  2 hobgoblins (D:1)
  2 quokkas
  9 bats
  A frilled lizard (D:1)
  7 kobolds
  7 rats
55 creatures vanquished.

Notes
Turn   | Place    | Note
-------+----------+-------------------------------------------
     0 | D:1      | qw the Gargoyle Hunter began the quest for the Orb.
     0 | D:1      | Reached XP level 1. HP: 12/12 MP: 1/1
     0 | D:1      | 0 ||| qw: Version: 0.3-a-83-gcd0e7d8
     0 | D:1      | 0 ||| qw: Game counter: 1791
     0 | D:1      | 0 ||| qw: Melee chars always use a shield: true
     0 | D:1      | 0 ||| qw: God list: Okawaru
     0 | D:1      | 0 ||| qw: Allow faded altars: false
     0 | D:1      | 0 ||| qw: Do Orc after clearing Dungeon:15 true
     0 | D:1      | 0 ||| qw: Do second Lair branch before Depths: true
     0 | D:1      | 0 ||| qw: Lair rune preference: random
     0 | D:1      | 0 ||| qw: Goals: Normal
     0 | D:1      | 0 ||| PLANNING D:1-11
    50 | D:1      | Reached XP level 2. HP: 17/17 MP: 2/2
   253 | D:1      | Reached XP level 3. HP: 21/21 MP: 3/3
   281 | D:1      | Reached skill level 5 in Ranged Weapons
   756 | D:1      | 756 ||| UPGRADING to +0 helmet.
   761 | D:1      | 761 ||| UPGRADING to +5 ring of evasion.
   762 | D:1      | 762 ||| READING 2 scrolls labelled XALOFA PAUK.
   763 | D:1      | 763 ||| READING scroll labelled ALOLLI LAL AMISK.
   767 | D:1      | 767 ||| DRINKING 2 fuming dark potions.
   768 | D:1      | 768 ||| DROPPING scroll of butterflies.
   769 | D:1      | 769 ||| DROPPING potion of brilliance.
   920 | D:2      | Found a faded altar of an unknown god.
  1041 | D:2      | Reached skill level 3 in Fighting
  1468 | D:2      | 1468 ||| UPGRADING to +0 ring mail.
  1478 | D:2      | 1478 ||| DROPPING +0 leather armour.
  1479 | D:2      | 1479 ||| UPGRADING to ring of protection from cold.
  1480 | D:2      | 1480 ||| UPGRADING to +5 ring of evasion.
  1482 | D:2      | 1482 ||| DROPPING +6 ring of intelligence.
  1483 | D:2      | 1483 ||| DROPPING ring of protection from cold.
  1484 | D:2      | 1484 ||| READING scroll labelled ZIGITHAWKU.
  1485 | D:2      | 1485 ||| READING scroll labelled RUIMNE PEWKU.
  1486 | D:2      | 1486 ||| READING scroll labelled IDAXZI POTOUSS.
  1487 | D:2      | 1487 ||| DRINKING 2 white potions.
  1519 | D:3      | Reached XP level 4. HP: 28/28 MP: 4/4
  1721 | D:3      | Reached skill level 1 in Armour
  1745 | D:3      | 1745 ||| READING scroll of enchant armour.
  1745 | D:3      | 1745 ||| ENCHANTING +0 helmet.
  1813 | D:3      | 1813 ||| READING scroll of enchant armour.
  1813 | D:3      | 1813 ||| ENCHANTING +1 helmet.
  1970 | D:3      | Found a hide-covered altar of Uskayaw.
  1970 | D:3      | Found a sparkling altar of Nemelex Xobeh.
  2181 | D:3      | 2181 ||| READING scroll labelled DECAHUNOSY.
  2182 | D:3      | 2182 ||| READING 2 scrolls of identify.
  2182 | D:3      | 2182 ||| IDENTIFYING orange potion
  2183 | D:3      | 2183 ||| DROPPING potion of ambrosia.
  2217 | D:4      | Noticed an ogre
  2225 | D:4      | Slain by an ogre

Levels and vault maps discovered:
D:1:      dpeg_arrival_connections, layout_loops_ring, st_stairs_7,
          kennysheep_nondescript, minmay_misc_feat_iff, minmay_unequal
D:2:      minmay_general_purpose_star, layout_loops_ring,
          dreamdust_ecumenical_altar_sealed_demon
D:3:      layout_loops_ring, nicolae_overflow_two_pavilions
D:4:      layout_basic, nicolae_wu_jian_glorious_leap,
          minmay_temple_entry_arrows, minmay_misc_feat_cross, uniq_ijyb

Skill      XL: |  1  2  3  4 |
---------------+-------------+-----
Ranged Weapons | 5 |  5.1
Fighting       | 3 |  3.0
Armour         | 1 |  1.1
Dodging        | |  1.5
Stealth        | |  1.1

Action                     |  1- 3 |  4- 6 || total
---------------------------+-------+-------++-------
   Fire: Shortbow          |   133 |    22 ||   155
    Use: Scroll            |     5 |     4 ||     9
         Potion            |     2 |       ||     2
 Armour: Leather armour    |    21 |       ||    21
         Ring mail         |     1 |     2 ||     3
  Dodge: Dodged            |    35 |     9 ||    44

Table legend:
 A = Non-vault XP
 B = Vault XP
 C = Vault XP percentage of total XP
 D = Non-vault monster count
 E = Vault monster count
 F = Vault count percentage of total count
                 A         B        C        D         E       F
            +---------+---------+-------+---------+---------+-------
      Total |      85 |      20 |  19.0 |      47 |       8 |  14.5
            +---------+---------+-------+---------+---------+-------
        D:1 |      44 |       9 |  17.0 |      28 |       5 |  15.2
        D:2 |      16 |      11 |  40.7 |      10 |       3 |  23.1
        D:3 |      25 |       0 |   0.0 |       9 |       0 |   0.0
            +---------+---------+-------+---------+---------+-------
